 Dungeon Crawl Stone Soup version 0.18.1-50-g88ac8fd (console) character file.

9435 Kloppie the Blocker (level 11, -14/87 HPs)
             Began as a Formicid Fighter on Oct 16, 2016.
             Was a High Priest of Okawaru.
             Demolished by a hill giant
             ... wielding a +0 giant spiked club
              (34 damage)
             ... on level 10 of the Dungeon.
             The game lasted 00:19:15 (9896 turns).

Kloppie the Blocker (Formicid Fighter)              Turns: 9896, Time: 00:19:15

Health: -14/87     AC: 15    Str: 22    XL:     11   Next: 74%
Magic:  14/14      EV:  8    Int: 10    God:    Okawaru [*****.]
Gold:   434        SH: 18    Dex: 13    Spells: 0 memorised, 10 levels left

rFire  . . .     SeeInvis +     a - +7 quarterstaff {elec, +Fly rN+ MR+ Int+3}
rCold  . . .     Gourm    .     e - +4 scale mail {MR+}
rNeg   + + .     Faith    +     v - +0 large shield
rPois  .         Spirit   .     (helmet unavailable)
rElec  .         Dismiss  .     x - +1 cloak
rCorr  .         Reflect  .     z - +0 pair of gloves
SustAt .         Harm     .     (no boots)
MR     ++++.                    y - amulet of faith
Stlth  ..........               C - ring of positive energy
                                p - ring of protection from magic

@: incredibly resistant to hostile enchantments, extremely unstealthy
A: permanent stasis, dig shafts and tunnels, four strong arms, antennae 3
a: Dig, Shaft Self, Heroism, Finesse, Renounce Religion, Evoke Flight


You were on level 10 of the Dungeon.
You worshipped Okawaru.
Okawaru was extremely pleased with you.
You were not hungry.

You visited 2 branches of the dungeon, and saw 11 of its levels.

You collected 694 gold pieces.
You spent 260 gold pieces at shops.

Inventory:

Hand Weapons
 a - the +7 quarterstaff of Sharkskin (weapon) {elec, +Fly rN+ MR+ Int+3}
   (Okawaru gifted it to you on level 10 of the Dungeon)

   Occasionally, upon striking a foe, it will discharge some electrical energy
   and cause terrible harm.
   It affects your intelligence (+3).
   It protects you from negative energy.
   It affects your resistance to hostile enchantments.
   It lets you fly.
 u - a +3 quarterstaff
Armour
 e - a +4 scale mail of magic resistance (worn)
 v - a +0 large shield (worn)
 x - a +1 cloak (worn)
 z - a +0 pair of gloves (worn)
Jewellery
 p - a ring of protection from magic (left hand)
 y - an amulet of faith (around neck)
 C - a ring of positive energy (right hand)
Wands
 c - a wand of digging (13/24)
 i - a wand of enslavement (16/24)
 w - a wand of teleportation (4/9)
 D - a wand of enslavement (13/24)
Scrolls
 g - a scroll of recharging
 k - 2 scrolls of magic mapping
 n - 3 scrolls of remove curse
 r - 5 scrolls of enchant armour
Potions
 d - 3 potions of curing
 j - a potion of agility
 l - a potion of cure mutation
 m - a potion of flight
 o - a potion of brilliance
 s - a potion of cancellation
 t - 3 potions of degeneration {unknown}
 E - a potion of might
 G - a potion of haste {unknown}
 H - a potion of heal wounds
Books
 q - a book of the Tempests

   Spells                             Type                      Level
   a - Static Discharge               Conjuration/Air              3
   b - Lightning Bolt                 Conjuration/Air              5
   c - Fireball                       Conjuration/Fire             5
   d - Tornado                        Air                          9
   e - Shatter                        Earth                        9
Comestibles
 b - 4 meat rations
 f - 8 bread rations
 h - 3 slices of pizza
 A - 2 beef jerkies
 B - 12 fruits
 F - 3 chunks of flesh


   Skills:
 - Level 8.7 Fighting
 + Level 11.3 Staves
 - Level 6.8 Armour
 - Level 11.6 Shields
 + Level 4.3 Invocations


You had 10 spell levels left.
You didn't know any spells.

Dungeon Overview and Level Annotations

Branches:
Dungeon (10/15)            Temple (1/1) D:5            Lair (0/8) D:10
    Orc: D:9-12

Altars:
Ashenzari
Cheibriados
Dithmenos
Elyvilon
Fedhas
Gozag
Kikubaaqudgha
Makhleb
Nemelex Xobeh
Okawaru
Pakellas
Qazlal
Ru
Sif Muna
Trog
Vehumet
Xom
Yredelemnul
Zin
The Shining One

Shops:
D:8 *   D:9 *


Innate Abilities, Weirdness & Mutations

You are under a permanent stasis effect.
You can dig through walls and to a lower floor.
Your four strong arms can wield two-handed weapons with a shield.
You have a pair of large antennae on your head (SInv).


Message History

You kill the orc!
You closely miss the hound zombie. You barely miss the hill giant.
You completely miss the hill giant.
The hill giant hits you with a giant spiked club!
You hit the hill giant.
The hill giant is lightly wounded.
You hit the hill giant.
There is a sudden explosion of sparks!
The hill giant is heavily wounded.
The hill giant hits you with a giant spiked club!!!
* * * LOW HITPOINT WARNING * * *
You are too injured to fight recklessly!
You are too injured to fight recklessly!
You are too injured to fight recklessly!
You sock the hill giant!
The hill giant is heavily wounded.
You sock the hill giant!
The hill giant is severely wounded.
The hill giant hits you with a giant spiked club!!
You die...

##### ###
.###########...#######..
.....ZC@......#.......#.
.....o######....#...#...
..... #...##.PP##.. ....
#.#..PPPPP..# ..)
#.#..PP>PP..# ..
#.#...PPPP..# .
#...##..P##.)
#####....#...#...
.......#)......#.


You could see a hill giant, an orc and a hound zombie.

Vanquished Creatures
  Sonja (D:10)
  An unseen horror (D:10)
  A hill giant (D:10)
  The ghost of ArchZ the Geomancer, a novice GrEE of Vehumet (D:7)
  The ghost of tailblues the Charmwright, a novice HESk of Elyvilon (D:6)
  A gargoyle (D:10)
  A troll (D:8)
  11 yaks
  A water moccasin (D:9)
  4 orc warriors
  An eye of draining (D:9)
  2 ice beasts (D:7)
  A phantom (D:7)
  7 ogres
  A centaur (D:7)
  A necrophage (D:7)
  7 giant frogs
  2 wyvern skeletons
  3 scorpions
  7 killer bees
  5 wights
  A howler monkey (D:5)
  5 crimson imps
  4 human zombies (D:7)
  7 orc wizards
  5 hounds
  A quasit (D:9)
  A wasp zombie (D:8)
  6 orc priests
  4 centaur skeletons
  A gnoll shaman (D:7)
  Jessica (D:2)
  3 iguanas
  8 worker ants
  Terence (D:2)
  An ogre zombie (D:7)
  2 hound skeletons
  4 mummies (D:7)
  A worker ant zombie (D:6)
  49 gnolls
  10 adders
  3 shadow imps
  An adder zombie (D:7)
  A worm (D:2)
  An adder skeleton (D:4)
  A dart slug (D:1)
  6 giant geckos
  53 orcs
  4 bats
  8 giant cockroaches
  5 hobgoblins
  24 jackals
  3 quokkas
  A ball python skeleton (D:4)
  11 giant newts
  5 goblins
  A jackal skeleton (D:4)
  6 kobolds
  An orc skeleton (D:7)
  2 quokka skeletons
  5 rats
317 creatures vanquished.

Notes
Turn   | Place    | Note
--------------------------------------------------------------
     0 | D:1      | Kloppie the Formicid Fighter began the quest for the Orb.
     0 | D:1      | Reached XP level 1. HP: 18/18 MP: 1/1
   166 | D:1      | Reached XP level 2. HP: 22/24 MP: 2/2
   400 | D:1      | Reached XP level 3. HP: 29/29 MP: 3/3
   850 | D:2      | Reached XP level 4. HP: 29/37 MP: 4/4
  1031 | D:2      | Noticed Terence
  1049 | D:2      | Killed Terence
  1255 | D:2      | Found a sacrificial altar of Ru.
  1389 | D:2      | Noticed Jessica
  1391 | D:2      | Killed Jessica
  1391 | D:2      | Reached XP level 5. HP: 42/42 MP: 5/5
  1428 | D:3      | Reached skill level 5 in Shields
  2091 | D:3      | Reached XP level 6. HP: 41/49 MP: 6/6
  2342 | D:4      | Noticed an ogre
  2350 | D:4      | Killed an ogre
  2350 | D:4      | Reached skill level 5 in Fighting
  2416 | D:4      | Noticed an ogre
  2422 | D:4      | Killed an ogre
  2422 | D:4      | Reached XP level 7. HP: 56/56 MP: 7/7
  2827 | D:4      | Found a sparkling altar of Nemelex Xobeh.
  2828 | D:4      | Found a glowing golden altar of the Shining One.
  3216 | D:2      | Became a worshipper of Ru the Awakened
  3287 | D:5      | Entered Level 5 of the Dungeon
  3382 | D:5      | Reached skill level 5 in Staves
  3603 | D:5      | Reached XP level 8. HP: 37/64 MP: 8/8
  3647 | D:5      | Found a stormy altar of Qazlal.
  3650 | D:5      | Found a blossoming altar of Fedhas.
  3914 | D:5      | Found a shadowy altar of Dithmenos.
  4043 | D:5      | Found a staircase to the Ecumenical Temple.
  4066 | Temple   | Entered the Ecumenical Temple
  4160 | Temple   | Fell from the grace of Ru
  4160 | Temple   | Became a worshipper of Warmaster Okawaru
  4907 | D:7      | Noticed ArchZ's ghost (novice GrEE)
  4927 | D:7      | Killed ArchZ's ghost
  4927 | D:7      | Reached * piety under Okawaru
  4927 | D:7      | Reached ** piety under Okawaru
  4927 | D:7      | Reached XP level 9. HP: 42/72 MP: 9/9
  5737 | D:6      | Noticed tailblues's ghost (novice HESk)
  5980 | D:6      | Killed tailblues's ghost
  5994 | D:6      | Reached *** piety under Okawaru
  6710 | D:7      | Reached XP level 10. HP: 82/82 MP: 10/10
  6739 | D:7      | Reached skill level 10 in Shields
  7475 | D:7      | Found an ancient bone altar of Kikubaaqudgha.
  7535 | D:7      | Reached **** piety under Okawaru
  8039 | D:8      | Found a deep blue altar of Sif Muna.
  8286 | D:8      | Found Ruyxoygg's Assorted Antiques.
  8293 | D:8      | Bought a runed coral ring for 130 gold pieces
  8293 | D:8      | Bought a potion of heal wounds for 130 gold pieces
  8697 | D:8      | Reached ***** piety under Okawaru
  8840 | D:9      | Received a gift from Okawaru
  8840 | D:9      | Reached XP level 11. HP: 87/87 MP: 11/11
  8902 | D:9      | Reached skill level 5 in Armour
  8928 | D:9      | Reached skill level 10 in Staves
  9321 | D:9      | Found Jompui's General Store.
  9614 | D:10     | Entered Level 10 of the Dungeon
  9620 | D:10     | Noticed Sonja
  9643 | D:10     | Noticed a hill giant
  9653 | D:10     | Killed a hill giant
  9653 | D:10     | Reached skill level 1 in Invocations
  9667 | D:10     | Killed Sonja
  9677 | D:10     | Found a staircase to the Lair.
  9849 | D:10     | Noticed an unseen horror
  9857 | D:10     | Killed an unseen horror
  9857 | D:10     | Received a gift from Okawaru
  9858 | D:10     | Got a crude quarterstaff {god gift}
  9862 | D:10     | Identified the +7 quarterstaff of Sharkskin {elec, +Fly rN+ MR+ Int+3} (Okawaru gifted it to you on level 10 of the Dungeon)
  9874 | D:10     | Noticed a hill giant
  9896 | D:10     | Demolished by a hill giant

Skill      XL: |  1  2  3  4  5  6  7  8  9 10 11 |
---------------+----------------------------------+-----
Shields        | 4 5 6 8 9 11 | 11.6
Fighting       | 4 5 6 7 8 |  8.7
Staves         | 3 4 5 6 7 9 11 | 11.3
Armour         | 4 6 |  6.8
Invocations    | 4 |  4.3

Action                   |  1- 3 |  4- 6 |  7- 9 | 10-12 || total
-------------------------+-------+-------+-------+-------++-------
Melee: Quarterstaff      |    86 |   123 |   552 |   554 ||  1315
Invok: Heroism           |       |       |     1 |       ||     1
  Use: Potion            |       |     2 |     3 |     3 ||     8
       Scroll            |       |       |    18 |     2 ||    20
 Stab: Distracted        |       |       |       |     1 ||     1
  Eat: Chunk             |       |     5 |    12 |    12 ||    29
       Royal jelly       |       |       |     1 |       ||     1
Armor: Scale mail        |    28 |    38 |   189 |    85 ||   340
Dodge: Dodged            |    26 |    31 |   154 |    64 ||   275
Block: Shield            |    39 |    60 |   296 |       ||   395
       Large shield      |       |       |    11 |   385 ||   396
